 Dungeon Crawl Stone Soup version 0.30-a0-561-g1b0378597e (webtiles) character file.

Game seed: 14936923038604860177

35 M4edhros the Charlatan (level 3, -1/23 HPs)
             Began as an Octopode Artificer on Dec 28, 2022.
             Slain by Terence
             ... wielding a +0 mace
              (7 damage)
             ... on level 3 of the Dungeon.
             The game lasted 00:01:04 (891 turns).

M4edhros the Charlatan (Octopode Artificer)          Turns: 891, Time: 00:01:04

Health: -1/23      AC:  1    Str: 11    XL:     3   Next: 33%
Magic:  3/3        EV: 13    Int: 13    God:
Gold:   93         SH:  0    Dex: 14    Spells: 2/2 levels left

rFire   . . .      SeeInvis .      - Unarmed
rCold   . . .      Faith    .    (no shield)
rNeg    . . .      Spirit   .    (helmet restricted)
rPois   .          Reflect  .    (no amulet)
rElec   .          Harm     .    (no ring)
rCorr   .          Rampage  .    (no ring)
Will    .....                    (no ring)
Stlth   +++                      (no ring)
HPRegen 0.23/turn                (no ring)
MPRegen 0.08/turn                (no ring)
                                 (no ring)
                                 (no ring)

@: no status effects
A: almost no armour, amphibious, 8 rings, camouflage 1, gelatinous body 1,
(nimble swimmer 1), tentacles
a: no special abilities


You were on level 3 of the Dungeon.
You visited 1 branch of the dungeon, and saw 3 of its levels.

You collected 93 gold pieces.

Inventory:

Wands
 b - a wand of flame (15) (quivered)
 c - a wand of charming (15)
 d - a wand of iceblast (5)
Scrolls
 a - a scroll of identify {unknown}
 e - a scroll of magic mapping {unknown}
 f - 2 scrolls of teleportation {unknown}
 g - a scroll of brand weapon {unknown}
Potions
 h - a potion of curing {unknown}


   Skills:
 + Level 1.4 Fighting
 + Level 2.7 Dodging
 + Level 2.1 Stealth
 * Level 1.5 Unarmed Combat
 + Level 3.5 Evocations


You had 2 spell levels left.
You didn't know any spells.
Your spell library contained the following spells:

 Spells                   Type           Power      Damage    Failure   Level
 Summon Guardian Golem    Hex/Summ       0%         N/A       67%         3
 Silence                  Hex/Air        0%         N/A       100%        5
 Summon Forest            Summ/Tloc      0%         N/A       100%        5
 Malign Gateway           Summ/Tloc      0%         N/A       100%        7


Dungeon Overview and Level Annotations

Branches:
Dungeon (3/15)

Altars:

Annotations:
D:3 Terence


Innate Abilities, Weirdness & Mutations

You cannot wear most types of armour.
You are amphibious.
You can wear up to eight rings at the same time.
Your skin changes colour to match your surroundings (Stealth+).
Your rubbery body absorbs attacks. (AC +1, EV +1)
((You are camouflaged when in or above water. (Stealth+)))
You have tentacles for arms and can constrict up to eight enemies at once.


Message History

There are monsters nearby!
You miss the goblin. Your grab misses the goblin.
Your squeeze misses the goblin. You closely miss the goblin.
Your grab misses the goblin. Your squeeze misses the goblin.
The goblin barely misses you.
You tentacle-slap the goblin. You grab the goblin.
The goblin is moderately wounded.
You constrict the goblin. The goblin misses you.
You tentacle-slap the goblin.
You kill the goblin!
Terence completely misses you.
You closely miss Terence. Your grab misses Terence. Terence barely misses you.
You tentacle-slap Terence but do no damage.
You grab Terence. You constrict Terence. Terence hits you with a +0 mace.
You tentacle-slap Terence.
Terence is lightly wounded.
You constrict Terence, but do no damage.
Terence hits you with a +0 mace.
You tentacle-slap Terence.
Terence is moderately wounded.
You constrict Terence. Terence hits you with a +0 mace.
You are too injured to fight recklessly!
You are too injured to fight recklessly!
You are too injured to fight recklessly!
You are too injured to fight recklessly!
You tentacle-slap Terence but do no damage.
You squeeze Terence, but do no damage.
Terence is moderately wounded.
You constrict Terence, but do no damage.
Terence misses you.
You tentacle-slap Terence but do no damage.
Terence is moderately wounded.
You constrict Terence. Terence barely misses you.
You tentacle-slap Terence but do no damage.
Terence is moderately wounded.
You constrict Terence. Terence hits you with a +0 mace.
* * * LOW HITPOINT WARNING * * *
It was a potion of cancellation.
You feel magically purged.
You constrict Terence. Terence hits you with a +0 mace!
You die...

.# ##.# ..# .(#####
..### >.... ....
..###.)##.# ......@@..#
#####.##..# # #...#
..###.#..## ### ###.#..
#...#
#<###...#.###.#.######..
#.#.#.........#.........
#...#.....#####.########
###.#.....# #...#


You could see Terence.

Vanquished Creatures
  2 dart slugs (D:2)
  An endoplasm (D:1)
  3 giant cockroaches
  6 hobgoblins
  5 kobolds
  A quokka (D:1)
  2 ball pythons
  3 frilled lizards
  4 goblins
  A rat (D:1)
28 creatures vanquished.

Vanquished Creatures (others)
  4 plants (D:2)
4 creatures vanquished.

Grand Total: 32 creatures vanquished

Notes
Turn   | Place    | Note
-------+----------+-------------------------------------------
     0 | D:1      | M4edhros the Octopode Artificer began the quest for the
                  | Orb.
     0 | D:1      | Reached XP level 1. HP: 13/13 MP: 1/1
    75 | D:1      | Reached XP level 2. HP: 18/18 MP: 2/2
   168 | D:1      | Got the Almanac of the Maze
   205 | D:1      | Reached skill level 1 in Unarmed Combat
   631 | D:2      | Reached XP level 3. HP: 23/23 MP: 3/3
   878 | D:3      | Noticed Terence
   891 | D:3      | Slain by Terence

Illustrated notes

Levels and vault maps discovered:
D:1:      sevenhm_arrival_forest_fort_small_6, layout_basic
D:2:      layout_loops_corners, serial_shops, shop, serial_forest,
          infiniplex_forest_end_1, infiniplex_forest_zigzag_1,
          infiniplex_forest_lined_room_2, infiniplex_forest_clump_small,
          infiniplex_forest_end_2, infiniplex_forest_lined_3,
          infiniplex_forest_clump_medium, infiniplex_forest_clump_double,
          minmay_worlds_worst_comb
D:3:      layout_basic, mainiacjoe_overflow_tiny_flanked, ebering_ghost_sewer_d,
          uniq_terence

Skill      XL: |  1  2 |
---------------+-------+-----
Unarmed Combat | 1 |  1.5
Stealth        | 2 |  2.1
Fighting       | |  1.4
Dodging        | |  2.7
Evocations     | |  3.5

Action                   || total
-------------------------++-------
Melee: Unarmed           ||    67
       Tentacles         ||    16
       Constrict         ||    18
  Use: Potion            ||     1
 Stab: Sleeping          ||     6
       Distracted        ||     1
Armor: Skin              ||     5
Dodge: Dodged            ||    29

Table legend: (Time is in decaauts)
 A = Elapsed time spent in this place.
 B = Non-inter-level travel time spent in this place.
 C = Inter-level travel time spent in this place.
 D = Time resting spent in this place.
 E = Time spent auto-exploring this place.
 F = Levels seen in this place.
 G = Mean time per level.
                   A        B        C        D        E       F      G
               +--------+--------+--------+--------+--------+-----+--------+
         Total |    889 |    859 |     30 |    109 |    534 |   3 |  296.3 |
       Dungeon |    889 |    859 |     30 |    109 |    534 |   3 |  296.3 |
               +--------+--------+--------+--------+--------+-----+--------+

Top non-repeatable levels by time:
     D:1: 519 daAuts
     D:2: 314 daAuts
     D:3: 55 daAuts
